 Dungeon Crawl Stone Soup version 0.30-a0-613-gdd512c7efb (webtiles) character file.

Game seed: 13589767097943425130

59 wormed the Trooper (level 4, -4/24 HPs)
             Began as a Vine Stalker Fighter on Jan 9, 2023.
             Slain by a gnoll
             ... wielding a +0 halberd
              (9 damage)
             ... on level 2 of the Dungeon.
             The game lasted 00:01:16 (709 turns).

wormed the Trooper (Vine Stalker Fighter)            Turns: 709, Time: 00:01:17

Health: -4/24      AC:  9    Str: 20    XL:     4   Next: 3%
Magic:  0/5        EV:  7    Int:  8    God:
Gold:   57         SH:  5    Dex: 14    Spells: 3/3 levels left

rFire   . . .      SeeInvis .    a - +0 flail
rCold   . . .      Faith    .    c - +0 buckler
rNeg    . . .      Spirit   +    i - +0 chain mail
rPois   .          Reflect  .    (no helmet)
rElec   .          Harm     .    (no cloak)
rCorr   .          Rampage  .    (no gloves)
Will    .....                    (no boots) Stlth
                                 (no amulet)
HPRegen 1.04/turn                (no ring)
MPRegen 0.09/turn                (no ring)

@: no status effects
A: fangs 2, regeneration 1, magic shield, antimagic bite, no potion heal 2
a: no special abilities


You were on level 2 of the Dungeon.
You visited 1 branch of the dungeon, and saw 2 of its levels.

You collected 57 gold pieces.

Inventory:

Hand Weapons
 a - a +0 flail (weapon)
Armour
 c - a +0 buckler (worn)
 i - a +0 chain mail (worn)
Scrolls
 b - a scroll of vulnerability {unknown}
 e - a scroll of amnesia {unknown}
 f - a scroll of enchant weapon {unknown}
 j - 2 scrolls of identify {unknown}
 k - a scroll of teleportation {unknown}
Potions
 d - a potion of might
 g - 3 potions of heal wounds {unknown}
 h - a potion of mutation {unknown}


   Skills:
 + Level 3.1 Fighting
 * Level 2.7 Maces & Flails
 + Level 2.7 Armour
 + Level 3.1 Shields


You had 3 spell levels left.
You didn't know any spells.
Your spell library was empty.

Dungeon Overview and Level Annotations

Branches:
Dungeon (2/15)

Altars:


Innate Abilities, Weirdness & Mutations

You have extremely sharp teeth.
Your natural rate of healing is unusually fast.
When hurt, damage is shared between your health and your magic reserves.
Your bite disrupts and absorbs the magic of your enemies.
Potions cannot restore your health.


Message History

The gnoll is heavily wounded.
You block the gnoll's attack. The gnoll hits you with a +0 spear.
The gnoll hits you from afar with a +0 halberd.
You sock the gnoll!
You kill the gnoll!
The gnoll barely misses you. x2
The gnoll hits you but does no damage. x2
Things that are here:
a +0 spear; a gnoll corpse You closely miss the gnoll.
You bite the gnoll. You drain its power.
You feel invigorated.
The gnoll is almost dead.
You block the gnoll's attack. The gnoll hits you but does no damage.
The gnoll hits you with a +0 halberd. The gnoll hits you with a +0 spear.
You are too injured to fight recklessly!
You are too injured to fight recklessly!
You are too injured to fight recklessly!
You closely miss the gnoll. Your bite misses the gnoll.
The gnoll hits you with a +0 spear.
* * * LOW HITPOINT WARNING * * *
The gnoll hits you but does no damage.
You barely miss the gnoll.
The gnoll is almost dead.
The gnoll hits you with a +0 halberd.
* * * LOW HITPOINT WARNING * * *
The gnoll hits you but does no damage.
You sock the gnoll!
You kill the gnoll!
The gnoll closely misses you. The gnoll hits you with a +0 halberd.
* * * LOW HITPOINT WARNING * * *
You have reached level 4!
You feel agile.
You begin to heal more quickly.
You barely miss the gnoll. The gnoll barely misses you.
You closely miss the gnoll. You bite the gnoll, but do no damage.
The gnoll hits you but does no damage.
You sock the gnoll! Your bite misses the gnoll.
The gnoll is severely wounded.
The gnoll hits you with a +0 halberd!
You die...

#..... .# #..... .#
#..... .# #### +.....#.
######... ##.......
.........
........##############..#
#..............# #..)
#...)g########.#####.#
#+###@#..............#
#.#......#..#.####
#.######.#..#(#..#
#........#..#.#..#
........####..#..#.#..#
.#+#.#######..#..#.#..#
#.............#.#...
###########..#.#.#.##
+............#.#.....


You could see a gnoll.

Vanquished Creatures
  2 gnolls (D:2)
  A worm (D:2)
  A dart slug (D:1)
  2 ball pythons
  2 endoplasms (D:1)
  A giant cockroach (D:1)
  A goblin (D:1)
  A hobgoblin (D:1)
  7 jackals (D:1)
  2 quokkas (D:1)
  4 bats (D:1)
  2 kobolds (D:2)
  5 rats
31 creatures vanquished.

Notes
Turn   | Place    | Note
-------+----------+-------------------------------------------
     0 | D:1      | wormed the Vine Stalker Fighter began the quest for the
                  | Orb.
     0 | D:1      | Reached XP level 1. HP: 11/11 MP: 2/2
    68 | D:1      | Reached XP level 2. HP: 13/16 MP: 3/3
   205 | D:1      | Reached XP level 3. HP: 19/19 MP: 4/4
   345 | D:1      | Found a faded altar of an unknown god.
   706 | D:2      | HP: 1/20 [gnoll/+0 halberd (4)]
   707 | D:2      | Gained mutation: Your natural rate of healing is unusually
                  | fast. [Vine Stalker growth]
   707 | D:2      | Reached XP level 4. HP: 1/24 MP: 1/5
   709 | D:2      | Slain by a gnoll

Illustrated notes

Levels and vault maps discovered:
D:1:      dpeg_arrival_pond, layout_rooms,
          hellmonk_ecumenical_altar_heavens_door
D:2:      layout_basic, uniq_natasha, uniq_sigmund

Skill      XL: |  1  2  3 |
---------------+----------+-----
Maces & Flails | 2 |  2.7
Shields        | 3 |  3.1
Fighting       | 3 |  3.1
Armour         | |  2.7

Action                   |  1- 3 |  4- 6 || total
-------------------------+-------+-------++-------
Melee: Flail             |    62 |     3 ||    65
       Bite              |    13 |     1 ||    14
Armor: Scale mail        |    30 |       ||    30
       Chain mail        |    19 |     1 ||    20
Dodge: Dodged            |    42 |     1 ||    43
Block: Buckler           |    13 |       ||    13

Table legend: (Time is in decaauts)
 A = Elapsed time spent in this place.
 B = Non-inter-level travel time spent in this place.
 C = Inter-level travel time spent in this place.
 D = Time resting spent in this place.
 E = Time spent auto-exploring this place.
 F = Levels seen in this place.
 G = Mean time per level.
                   A        B        C        D        E       F      G
               +--------+--------+--------+--------+--------+-----+--------+
         Total |    729 |    696 |     33 |      0 |    502 |   2 |  364.5 |
       Dungeon |    729 |    696 |     33 |      0 |    502 |   2 |  364.5 |
               +--------+--------+--------+--------+--------+-----+--------+

Top non-repeatable levels by time:
     D:1: 557 daAuts
     D:2: 172 daAuts
